NYP
STATE COLLEGE SPIKES @ WILLIAMSPORT CROSSCUTTERS
09/02/2047
 
TOP OF THE 1ST
State College Spikes batting - Pitching for Williamsport Crosscutters : RHP Dale Turner
Pitching: RHP Dale Turner
Batting: RHB Ben Politi 0-0: Ball
1-0: Ball
2-0: Called Strike
2-1: Swinging Strike
2-2: DOUBLE (Flyball, 7LM, EV 105.6 MPH)
Batting: RHB Pat Scaturro 0-0: Called Strike
0-1: Swinging Strike
0-2: Ball
1-2: Ball
2-2: Ball
3-2: Strikes out swinging
Batting: RHB Ricky Yerzy 0-0: Fly out, F7 (Flyball, 7LSF, EV 88.1 MPH)
Batting: LHB Ignacio Ocampo 0-0: Fly out, F7 (Flyball, 7LSF, EV 96.9 MPH)
Top of the 1st over - 0 runs, 1 hit, 0 errors, 1 left on base; State College 0 - Williamsport 0
BOTTOM OF THE 1ST
Williamsport Crosscutters batting - Pitching for State College Spikes : LHP Juan Ramirez
Pitching: LHP Juan Ramirez
Batting: RHB Gary Sampson 0-0: Swinging Strike
0-1: Swinging Strike
0-2: Ball
1-2: Strikes out swinging, 2-3 out at first.
Batting: SHB Miguel Sierra 0-0: Swinging Strike
0-1: Ball
1-1: Ground out 5-3 (Groundball, 56, EV 103.1 MPH)
Batting: RHB Carlos Morejon 0-0: Swinging Strike
0-1: Called Strike
0-2: Ball
1-2: Strikes out swinging
Bottom of the 1st over - 0 runs, 0 hits, 0 errors, 0 left on base; State College 0 - Williamsport 0
TOP OF THE 2ND
State College Spikes batting - Pitching for Williamsport Crosscutters : RHP Dale Turner
Batting: SHB Justin Houser 0-0: Ball
1-0: TRIPLE (Flyball, 89XD, EV 108.1 MPH)
Batting: LHB Keith Rice 0-0: Foul Ball, location: 2F
0-1: Ball
1-1: Ball
2-1: Ball
3-1: Swinging Strike
3-2: Foul Ball, location: 2F
3-2: Base on Balls
Batting: LHB Ken Morehead 0-0: Ball
1-0: Ball
2-0: Foul Ball, location: 2F
2-1: Ball
3-1: Base on Balls
Keith Rice to second
Batting: RHB Kyle Burns 0-0: Ball
1-0: Ball
2-0: Swinging Strike
2-1: Fly out, F8 (Flyball, 8LS, EV 95.6 MPH)
Batting: RHB Mario Mendoza 0-0: Ball
1-0: Called Strike
1-1: Swinging Strike
1-2: Ball
2-2: Strikes out swinging
Batting: RHB Ben Politi 0-0: Called Strike
0-1: Ball
1-1: Called Strike
1-2: Ball
2-2: Ball
3-2: Strikes out swinging
Top of the 2nd over - 0 runs, 1 hit, 0 errors, 3 left on base; State College 0 - Williamsport 0
BOTTOM OF THE 2ND
Williamsport Crosscutters batting - Pitching for State College Spikes : LHP Juan Ramirez
Batting: RHB Antonio Lara 0-0: Ball
1-0: Ball
2-0: Fly out, F1 (Popup, 15, EV 73.8 MPH)
Batting: SHB Marco de Leon 0-0: Called Strike
0-1: Foul Ball, location: 2F
0-2: Ball
1-2: Strikes out looking
Batting: RHB Pete Deschamps 0-0: Called Strike
0-1: Swinging Strike
0-2: Foul Ball, location: 2F
0-2: Foul Ball, location: 2F
0-2: Strikes out swinging, 2-3 out at first.
Bottom of the 2nd over - 0 runs, 0 hits, 0 errors, 0 left on base; State College 0 - Williamsport 0
TOP OF THE 3RD
State College Spikes batting - Pitching for Williamsport Crosscutters : RHP Dale Turner
Batting: RHB Pat Scaturro 0-0: Swinging Strike
0-1: Called Strike
0-2: Strikes out swinging
Batting: RHB Ricky Yerzy 0-0: Ball
1-0: Foul Ball, location: 2F
1-1: Swinging Strike
1-2: Foul Ball, location: 2F
1-2: DOUBLE (Flyball, 8LXD, EV 96.2 MPH)
Batting: LHB Ignacio Ocampo 0-0: Called Strike
0-1: Called Strike
0-2: Ball
Wild Pitch!
Ricky Yerzy to third
1-2: Fly out, F8 (Flyball, 8LM, EV 92.5 MPH)
Runner from 3rd tags up, OUT at HOME! 8-2
Top of the 3rd over - 0 runs, 1 hit, 0 errors, 0 left on base; State College 0 - Williamsport 0
BOTTOM OF THE 3RD
Williamsport Crosscutters batting - Pitching for State College Spikes : LHP Juan Ramirez
Batting: LHB Rich Kuehne 0-0: Ball
1-0: DOUBLE (Flyball, 8RXD, EV 96.9 MPH)
Batting: RHB Danny Habermehl 0-0: Ball
1-0: Ball
2-0: Called Strike
2-1: Foul Ball, location: 2F
2-2: Strikes out swinging
Batting: RHB Bobby Matyas 0-0: Ball
1-0: Fly out, F8 (Flyball, 8RD, EV 88.8 MPH)
Batting: RHB Gary Sampson 0-0: Swinging Strike
0-1: Ball
1-1: Called Strike
1-2: Strikes out swinging
Bottom of the 3rd over - 0 runs, 1 hit, 0 errors, 1 left on base; State College 0 - Williamsport 0
TOP OF THE 4TH
State College Spikes batting - Pitching for Williamsport Crosscutters : RHP Dale Turner
Batting: SHB Justin Houser 0-0: Called Strike
0-1: Foul Ball, location: 2F
0-2: Foul Ball, location: 2F
0-2: Foul Ball, location: 2F
0-2: Fly out, F8 (Flyball, 8RXD, EV 106.9 MPH)
Batting: LHB Keith Rice 0-0: Ground out 4-3 (Groundball, 4, EV 94.4 MPH)
Batting: LHB Ken Morehead 0-0: SINGLE (Flyball, 8RS, EV 90.6 MPH)
Batting: RHB Kyle Burns 0-0: Called Strike
Ken Morehead is caught stealing 2nd base 2-4
Top of the 4th over - 0 runs, 1 hit, 0 errors, 0 left on base; State College 0 - Williamsport 0
BOTTOM OF THE 4TH
Williamsport Crosscutters batting - Pitching for State College Spikes : LHP Juan Ramirez
Batting: SHB Miguel Sierra 0-0: Ball
1-0: Called Strike
1-1: Ball
2-1: Swinging Strike
2-2: Strikes out swinging
Batting: RHB Carlos Morejon 0-0: Ball
1-0: Foul Ball, location: 2F
1-1: Ball
2-1: Called Strike
2-2: Foul Ball, location: 2F
2-2: Strikes out swinging
Batting: RHB Antonio Lara 0-0: Called Strike
0-1: Foul Ball, location: 2F
0-2: Fly out, F8 (Line Drive, 8RD, EV 89.4 MPH)
Bottom of the 4th over - 0 runs, 0 hits, 0 errors, 0 left on base; State College 0 - Williamsport 0
TOP OF THE 5TH
State College Spikes batting - Pitching for Williamsport Crosscutters : RHP Dale Turner
Batting: RHB Kyle Burns 0-0: Called Strike
0-1: Foul Ball, location: 2F
0-2: Ball
1-2: Ball
2-2: Strikes out swinging
Batting: RHB Mario Mendoza 0-0: Foul Ball, location: 2F
0-1: TRIPLE (Flyball, 89XD, EV 100.6 MPH)
Batting: RHB Ben Politi 0-0: Swinging Strike
0-1: Ball
1-1: Called Strike
1-2: Ball
2-2: Strikes out swinging
Batting: RHB Pat Scaturro 0-0: Ball
1-0: SINGLE (Groundball, 56D, EV 100.0 MPH)
Mario Mendoza scores
Batting: RHB Ricky Yerzy 0-0: Swinging Strike
0-1: Ball
1-1: Swinging Strike
1-2: Ball
2-2: Foul Ball, location: 2F
2-2: Strikes out swinging
Top of the 5th over - 1 run, 2 hits, 0 errors, 1 left on base; State College 1 - Williamsport 0
BOTTOM OF THE 5TH
Williamsport Crosscutters batting - Pitching for State College Spikes : LHP Juan Ramirez
Batting: SHB Marco de Leon 0-0: Swinging Strike
0-1: Called Strike
0-2: Strikes out looking
Batting: RHB Pete Deschamps 0-0: Swinging Strike
0-1: Called Strike
0-2: Ball
1-2: Strikes out swinging
Batting: LHB Rich Kuehne 0-0: Called Strike
0-1: Called Strike
0-2: Ball
1-2: Ball
2-2: Ball
3-2: Base on Balls
Batting: RHB Danny Habermehl 0-0: Ground out 6-3 (Groundball, 6M, EV 88.8 MPH)
Bottom of the 5th over - 0 runs, 0 hits, 0 errors, 1 left on base; State College 1 - Williamsport 0
TOP OF THE 6TH
State College Spikes batting - Pitching for Williamsport Crosscutters : RHP Dale Turner
Batting: LHB Ignacio Ocampo 0-0: Ball
1-0: Ball
2-0: Ball
3-0: Called Strike
3-1: Foul Ball, location: 2F
3-2: Foul Ball, location: 2F
3-2: Foul Ball, location: 2F
3-2: Foul Ball, location: 2F
3-2: Base on Balls
Pitching: RHP Francisco Tejada
Batting: SHB Justin Houser 0-0: Ball
1-0: Swinging Strike
1-1: Foul Ball, location: 2F
1-2: Ball
2-2: Ball
3-2: Base on Balls
Ignacio Ocampo to second
Batting: LHB Keith Rice 0-0: Foul Ball, location: 2F
0-1: Foul Ball, location: 2F
0-2: Foul Ball, location: 2F
0-2: Ball
1-2: Ball
Wild Pitch!
Ignacio Ocampo to third
Justin Houser to second
2-2: Foul Ball, location: 2F
2-2: Foul Ball, location: 2F
2-2: Ball
3-2: Base on Balls
Batting: LHB Ken Morehead 0-0: Swinging Strike
0-1: Ball
1-1: Called Strike
1-2: Strikes out looking
Batting: RHB Kyle Burns 0-0: Swinging Strike
0-1: Called Strike
0-2: Ball
1-2: Strikes out swinging
Batting: RHB Mario Mendoza 0-0: Ball
1-0: Ball
2-0: Foul Ball, location: 2F
2-1: Called Strike
2-2: Strikes out swinging
Top of the 6th over - 0 runs, 0 hits, 0 errors, 3 left on base; State College 1 - Williamsport 0
BOTTOM OF THE 6TH
Williamsport Crosscutters batting - Pitching for State College Spikes : LHP Juan Ramirez
Batting: RHB Bobby Matyas 0-0: Ground out U3 (Groundball, 3, EV 101.9 MPH)
Batting: RHB Gary Sampson 0-0: Swinging Strike
0-1: Foul Ball, location: 2F
0-2: Ball
1-2: Foul Ball, location: 2F
1-2: Foul Ball, location: 2F
1-2: Ball
2-2: Ball
3-2: Strikes out swinging
Batting: SHB Miguel Sierra 0-0: Ball
1-0: Ball
2-0: Ground out 5-3 (Groundball, 56S, EV 65.0 MPH)
Bottom of the 6th over - 0 runs, 0 hits, 0 errors, 0 left on base; State College 1 - Williamsport 0
TOP OF THE 7TH
State College Spikes batting - Pitching for Williamsport Crosscutters : RHP Francisco Tejada
Batting: RHB Ben Politi 0-0: Called Strike
0-1: Foul Ball, location: 2F
0-2: Strikes out swinging
Batting: RHB Pat Scaturro 0-0: Ball
1-0: Ball
2-0: Ball
3-0: Called Strike
3-1: SINGLE (Groundball, 4M, EV 96.9 MPH)
Batting: RHB Ricky Yerzy 0-0: Foul Ball, location: 2F
0-1: Called Strike
0-2: Foul Ball, location: 2F
0-2: Ball
1-2: Foul Ball, location: 2F
1-2: DOUBLE (Line Drive, 9LM, EV 109.4 MPH)
Pat Scaturro to third
Batting: LHB Ignacio Ocampo 0-0: Called Strike
0-1: Ball
Wild Pitch!
Pat Scaturro scores
Ricky Yerzy to third
1-1: Ground out 1-3 (Groundball, 34S, EV 67.5 MPH)
Batting: SHB Justin Houser 0-0: Swinging Strike
0-1: Ball
1-1: Foul Ball, location: 2F
1-2: Strikes out swinging
Top of the 7th over - 1 run, 2 hits, 0 errors, 1 left on base; State College 2 - Williamsport 0
BOTTOM OF THE 7TH
Williamsport Crosscutters batting - Pitching for State College Spikes : LHP Juan Ramirez
Batting: RHB Carlos Morejon 0-0: Ball
1-0: Ball
2-0: Swinging Strike
2-1: Foul Ball, location: 2F
2-2: Fly out, F7 (Line Drive, 7, EV 89.4 MPH)
Batting: RHB Antonio Lara 0-0: Called Strike
0-1: SINGLE (Line Drive, 78M, EV 96.2 MPH)
Batting: SHB Marco de Leon 0-0: Ball
1-0: Called Strike
1-1: Foul Ball, location: 2F
1-2: Foul Ball, location: 2F
1-2: Strikes out looking
Batting: RHB Pete Deschamps 0-0: Foul Ball, location: 2F
0-1: Ball
1-1: Ball
2-1: Ball
3-1: Fly out, F8 (Flyball, 8RD, EV 105.6 MPH)
Bottom of the 7th over - 0 runs, 1 hit, 0 errors, 1 left on base; State College 2 - Williamsport 0
TOP OF THE 8TH
State College Spikes batting - Pitching for Williamsport Crosscutters : RHP Francisco Tejada
Batting: LHB Keith Rice 0-0: Ball
1-0: Ball
2-0: Called Strike
2-1: Swinging Strike
2-2: Foul Ball, location: 2F
2-2: Ball
3-2: Foul Ball, location: 2F
3-2: Base on Balls
Pitching: RHP Victor Delgado
Batting: LHB Ken Morehead 0-0: Ball
1-0: Foul Ball, location: 2F
1-1: Swinging Strike
1-2: Foul Ball, location: 2F
1-2: Foul Ball, location: 2F
1-2: Ball
2-2: Grounds into double play, 6-4-3 (Groundball, 6S, EV 82.5 MPH)
Batting: RHB Kyle Burns 0-0: Ball
1-0: Called Strike
1-1: Swinging Strike
1-2: Foul Ball, location: 2F
1-2: Strikes out looking
Top of the 8th over - 0 runs, 0 hits, 0 errors, 0 left on base; State College 2 - Williamsport 0
BOTTOM OF THE 8TH
Williamsport Crosscutters batting - Pitching for State College Spikes : LHP Juan Ramirez
Batting: LHB Rich Kuehne 0-0: Foul Ball, location: 2F
0-1: Ball
1-1: Swinging Strike
1-2: Strikes out swinging
Batting: RHB Danny Habermehl 0-0: Called Strike
0-1: Swinging Strike
0-2: Ball
1-2: Strikes out looking
Batting: RHB Bobby Matyas 0-0: Ball
1-0: Foul Ball, location: 2F
1-1: Called Strike
1-2: Strikes out swinging
Bottom of the 8th over - 0 runs, 0 hits, 0 errors, 0 left on base; State College 2 - Williamsport 0
TOP OF THE 9TH
State College Spikes batting - Pitching for Williamsport Crosscutters : RHP Victor Delgado
Batting: RHB Mario Mendoza 0-0: Ground out 4-3 (Groundball, 4M, EV 90.0 MPH)
Batting: RHB Ben Politi 0-0: Ground out 6-3 (Groundball, 6M, EV 81.2 MPH)
Batting: RHB Pat Scaturro 0-0: SINGLE (Line Drive, 8RS, EV 104.4 MPH)
Batting: RHB Ricky Yerzy 0-0: Ball
Pat Scaturro is caught stealing 2nd base 2-4
Top of the 9th over - 0 runs, 1 hit, 0 errors, 0 left on base; State College 2 - Williamsport 0
BOTTOM OF THE 9TH
Williamsport Crosscutters batting - Pitching for State College Spikes : LHP Juan Ramirez
Pitching: LHP Paul Fuller
Batting: RHB Gary Sampson 0-0: Foul Ball, location: 2F
0-1: Ball
1-1: Ground out 6-3 (Groundball, 6, EV 88.8 MPH)
Batting: SHB Miguel Sierra 0-0: Ball
1-0: Ground out 6-3 (Groundball, 6, EV 80.6 MPH)
Batting: RHB Carlos Morejon 0-0: Ball
1-0: Ball
2-0: Called Strike
2-1: Ground out 5-3 (Groundball, 56S, EV 88.1 MPH)
Bottom of the 9th over - 0 runs, 0 hits, 0 errors, 0 left on base; State College 2 - Williamsport 0
Thursday, December 15th , 2022 - OOTP Baseball 23.9 Build 102